 Dungeon Crawl Stone Soup version 0.30.0 (webtiles) character file.

Game seed: 3523286592275338538

6098 RazorTeeth21 the Destroyer (level 10, 0/69 HPs)
             Began as a Purple Draconian Conjurer on Dec 15, 2023.
             Was a Believer of Sif Muna.
             Shot with an arrow by a centaur warrior (3 damage)
             ... on level 10 of the Dungeon.
             The game lasted 00:49:07 (13902 turns).

RazorTeeth21 the Destroyer (DrCj)                  Turns: 13902, Time: 00:49:07

Health: 0/69       AC:  7    Str: 16    XL:     10   Next: 58%
Magic:  24/24      EV: 19    Int: 22    God:    Sif Muna [**....]
Gold:   539        SH:  8    Dex: 10    Spells: 22/30 levels left

rFire   . . .        E - +2 whip (elec)
rCold   . . .        G - +0 buckler
rNeg    . . .        (body armour unavailable)
rPois   .            (helmet restricted)
rElec   .            (no cloak)
rCorr   .            (no gloves)
SInv    .            (no boots)
Will    +....        d - amulet of reflection
Stlth   ++           o - +6 ring of strength
HPRegen 0.31/turn    x - +5 ring of evasion
MPRegen 0.19/turn

%: reflection
@: invisible
A: breathe power, AC +7, unfitting armour, cold-blooded
a: Breathe Dispelling Energy, Renounce Religion, Channel Magic


You were on level 10 of the Dungeon.
You worshipped Sif Muna.
Sif Muna was pleased with you.
You visited 2 branches of the dungeon, and saw 11 of its levels.
You also visited: Ossuary and Bailey.

You collected 658 gold pieces.
You spent 119 gold pieces at shops.

Inventory:

Hand Weapons
 c - a +1 dagger of holy wrath
 p - a +2 halberd of protection
 r - a +2 heavy hammer
 E - a +2 whip of electrocution (weapon)
Missiles
 g - 12 poisoned darts
Armour
 G - a +0 buckler (worn)
Jewellery
 d - an amulet of reflection (around neck)
 o - a +6 ring of strength (left hand)
 x - a +5 ring of evasion (right hand)
Wands
 q - a wand of roots (7)
 H - a wand of acid (18)
Scrolls
 b - a scroll of torment {unknown}
 e - 3 scrolls of enchant weapon {unknown}
 f - 3 scrolls of enchant armour
 l - 6 scrolls of teleportation {unknown}
 m - 2 scrolls of amnesia {unknown}
 n - 3 scrolls of noise {unknown}
 v - 4 scrolls of vulnerability {unknown}
 w - 3 scrolls of blinking {unknown}
 y - a scroll of fear {unknown}
 B - 2 scrolls of poison {unknown}
 C - 3 scrolls of fog {unknown}
 F - a scroll of immolation {unknown}
Potions
 a - a potion of magic
 h - 2 potions of haste
 i - 2 potions of might
 j - 4 potions of cancellation
 k - 4 potions of curing
 s - a potion of lignification
 t - 4 potions of resistance {unknown}
 u - 5 potions of flight
 z - 3 potions of mutation {unknown}
 A - 2 potions of brilliance


   Skills:
 - Level 0.3 Short Blades
 - Level 1.0 Polearms
 - Level 0.2 Throwing
 * Level 8.0 Dodging
 - Level 1.8 Stealth
 - Level 0.8 Shields
 + Level 10.5 Spellcasting
 - Level 10.6 Conjurations
 + Level 0.0 Translocations


You had 22 spell levels left.
You knew the following spells:

 Your Spells              Type           Power      Damage    Failure   Level
a - Magic Dart            Conj           100%       1d8       1%          1
b - Searing Ray           Conj           100%       2d8       1%          2
c - Iskenderun's Mystic   Conj/Tloc      35%        2d8       9%          4
d - Slow                  Hex            44%        N/A       8%          1

Your spell library contained the following spells:

 Spells                   Type           Power      Damage    Failure   Level
 Dazzling Flash           Conj/Hex       70%        N/A       2%          3
 Fulminant Prism          Conj/Hex       17%        3d10      9%          4
 Sublimation of Blood     Necr           11%        N/A       12%         2
 Wereblood                Tmut           11%        N/A       12%         2
 Confusing Touch          Hex            11%        N/A       22%         3
 Gell's Gravitas          Tloc           11%        N/A       22%         3
 Teleport Other           Tloc           11%        N/A       22%         3
 Vampiric Draining        Necr           11%        2d6       22%         3
 Dispersal                Tloc           5%         N/A       100%        6
 Summon Hydra             Summ           5%         N/A       100%        7


Dungeon Overview and Level Annotations

Branches:
Dungeon (10/15)            Temple (1/1) D:4         Ossuary (visited)
 Bailey (visited)
   Lair: D:8-11         Orc: D:9-12

Altars:
Ashenzari
Cheibriados
Dithmenos
Elyvilon
Fedhas
Gozag
Hepliaklqana
Kikubaaqudgha
Makhleb
Nemelex Xobeh
Okawaru
Qazlal
Ru
Sif Muna
Trog
Uskayaw
Vehumet
Wu Jian
Xom
Yredelemnul
The Shining One

Shops:
D:2 (

Annotations:
D:3 !SIGMUND, Sigmund
D:9 Amaemon
D:10 Lodul


Innate Abilities, Weirdness & Mutations

You can breathe bolts of dispelling energy.
Your rich purple scales are hard. (AC +7)
You cannot fit into any form of body armour.
You are cold-blooded and may be slowed by cold attacks.


Message History

You finish channelling your searing ray.
You start resting.
Magic restored.
A boggart comes into view.
Casting: Searing Ray (safe; 1% risk of failure)
Confirm with . or Enter, or press ? or * to list all spells.
You can't see any susceptible monsters within range! (Use Z to cast anyway.) Unknown command.
You see here 4 large rocks.
The boggart shouts!
Casting: Searing Ray (safe; 1% risk of failure)
Confirm with . or Enter, or press ? or * to list all spells.
Aiming: Searing Ray (safe; 1% risk of failure)
Press: ? - help, Shift-Dir - straight line, f - boggart
Aim: a boggart (79% to hit)
The searing ray hits the boggart.
The boggart is lightly wounded. (Press . to maintain the ray.)
The searing ray hits the boggart!
The boggart is heavily wounded.
The searing ray hits the boggart!
You kill the boggart!
Sif Muna accepts your kill.
Your Dodging skill increases to level 8!
A centaur warrior comes into view.
You see here 4 large rocks.
You see here 4 large rocks.
The centaur warrior shouts!
The centaur warrior wields a +0 longbow.
The centaur warrior shoots an arrow.
You block the arrow with an invisible shield... and reflect it back!
The arrow barely misses the centaur warrior.
The centaur warrior shoots an arrow.
The arrow hits you!!
The centaur warrior shoots an arrow.
The arrow hits you!!
* * * LOW HITPOINT WARNING * * *
You fade into invisibility!
The centaur warrior shoots an arrow.
The arrow hits you!
* * * LOW HITPOINT WARNING * * *
The centaur warrior shoots an arrow.
The arrow hits you.
You die...

..#.##........#
C..c..........#
.!#.....##c...##
#.###.##.....# #
#.##...[.##
#.##......##
#.##.......#
#.##.#######
#.##@# #.# #.#
#.# ####(#
#....# #.#######
#.# #<#
#.#####.#


You could see a centaur warrior (unable to see you).

Vanquished Creatures
  Pikel (D:9)
  A cyclops (D:10)
  Maggie (D:6)
  A hornet (D:8)
  A wraith (D:9)
  4 yaks (D:9)
  A water moccasin (D:9)
  9 orc warriors
  A sky beast (D:6)
  5 ogres
  A boggart (D:10)
  4 lemures (D:9)
  2 centaurs
  An elf zombie (Ossuary)
  A gnoll sergeant (D:9)
  3 scorpions
  3 bullfrogs
  12 wights
  3 killer bees (D:10)
  3 electric eels
  A howler monkey (D:6)
  A human zombie (Ossuary)
  A gnoll bouda (D:6)
  2 hounds
  2 jellies (D:7)
  2 orc priests
  Crazy Yiuf (D:2)
  4 iguanas
  3 sleepcaps
  6 orc wizards
  4 mummies (Ossuary)
  8 gnolls
  6 adders
  A white imp (D:6)
  4 ufetubi
  4 adder zombies (Ossuary)
  3 worms
  2 dart slugs (D:4)
  14 orcs
  3 endoplasms
  2 giant cockroaches
  8 goblins
  6 hobgoblins
  3 quokkas
  4 ball pythons
  6 bats
  5 frilled lizards
  2 gnoll zombies (Ossuary)
  3 goblin zombies (Ossuary)
  A hobgoblin zombie (Ossuary)
  23 kobolds
  7 rats
200 creatures vanquished.

Vanquished Creatures (others)
  A fungus (D:2)
  9 plants (D:6)
10 creatures vanquished.

Grand Total: 210 creatures vanquished

Notes
Turn   | Place    | Note
-------+----------+-------------------------------------------
     0 | D:1      | RazorTeeth21 the Draconian Conjurer began the quest for the
                  | Orb.
     0 | D:1      | Reached XP level 1. HP: 14/14 MP: 3/3
   246 | D:1      | Reached XP level 2. HP: 15/20 MP: 1/5
  1228 | D:2      | Reached XP level 3. HP: 26/26 MP: 1/6
  1336 | D:1      | Learned a level 2 spell: Searing Ray
  1477 | D:2      | Reached skill level 5 in Conjurations
  1915 | D:2      | Found a faded altar of an unknown god.
  1928 | D:2      | Reached XP level 4. HP: 33/33 MP: 3/7
  2402 | D:2      | Found Qaeguh's Antique Weapon Boutique.
  2406 | D:2      | Bought a glowing halberd for 119 gold pieces
  2665 | D:2      | Found a runed translucent door.
  2666 | D:2      | Noticed Crazy Yiuf
  2673 | D:2      | Killed Crazy Yiuf
  2810 | D:3      | Noticed Sigmund
  3047 | D:4      | Noticed a scorpion
  3061 | D:4      | Killed a scorpion
  3062 | D:4      | Reached XP level 5. HP: 38/38 MP: 7/9
  3717 | D:4      | Reached XP level 6. HP: 32/45 MP: 5/11
  4013 | D:4      | Found a staircase to the Ecumenical Temple.
  4018 | Temple   | Entered the Ecumenical Temple
  4364 | D:5      | Entered Level 5 of the Dungeon
  4564 | D:5      | Found a shimmering altar of Xom.
  4565 | D:5      | Found a hazy altar of Hepliaklqana.
  4566 | D:5      | Noticed a spectral ugly thing
  4793 | D:5      | Reached skill level 1 in Polearms
  5610 | D:6      | Noticed Maggie
  5737 | D:6      | Noticed a sky beast
  5983 | D:6      | Your scales start taking on a rich purple colour.
  5983 | D:6      | Reached skill level 5 in Spellcasting
  5983 | D:6      | Reached XP level 7. HP: 32/50 MP: 10/14
  6552 | D:6      | Killed Maggie
  7029 | D:6      | Reached XP level 8. HP: 57/57 MP: 8/17
  7200 | D:6      | Found an opulent altar of Gozag.
  7203 | D:6      | Found a blossoming altar of Fedhas.
  7220 | D:6      | Found a stormy altar of Qazlal.
  7220 | D:6      | Found a shimmering blue altar of Sif Muna.
  7220 | D:6      | Found a white marble altar of Elyvilon.
  7220 | D:6      | Found a radiant altar of Vehumet.
  7229 | D:6      | Found a sparkling altar of Nemelex Xobeh.
  7230 | D:6      | Found a bloodstained altar of Trog.
  7233 | D:6      | Became a worshipper of Sif Muna the Loreminder
  8194 | D:7      | Found a sand-covered staircase.
  8202 | Ossuary  | Entered an ossuary
  8595 | D:7      | Reached * piety under Sif Muna
  8734 | D:7      | Reached skill level 5 in Dodging
  8922 | D:7      | Reached XP level 9. HP: 17/62 MP: 2/20
 10507 | D:8      | Learned a level 4 spell: Iskenderun's Mystic Blast
 10590 | D:8      | Found an iron altar of Okawaru.
 10662 | D:8      | Learned a level 1 spell: Slow
 11042 | D:9      | Noticed Amaemon
 11042 | D:9      | Noticed an orange demon
 11744 | D:9      | Reached XP level 10. HP: 69/69 MP: 10/23
 11751 | D:9      | Reached ** piety under Sif Muna
 12046 | D:9      | Noticed Pikel
 12081 | D:9      | Killed Pikel
 12082 | D:9      | Reached skill level 10 in Conjurations
 12549 | D:10     | Entered Level 10 of the Dungeon
 12685 | D:10     | Found a flagged portal.
 12694 | Bailey   | Entered a bailey
 12959 | Bailey   | Reached skill level 10 in Spellcasting
 13401 | Bailey   | Identified the +0 plate armour "Pacoedie" {Contam +Inv rC+}
 13521 | D:10     | Noticed Lodul
 13753 | D:10     | Noticed an ogre mage
 13753 | D:10     | Noticed a cyclops
 13753 | D:10     | Noticed a cyclops
 13787 | D:10     | Killed a cyclops
 13874 | D:10     | Noticed a centaur warrior
 13902 | D:10     | HP: 3/69 [centaur warrior/arrow (11)]
 13902 | D:10     | Shot with an arrow by a centaur warrior

Illustrated notes

Levels and vault maps discovered:
D:1:      arrival_zaba_pyramid, layout_basic, minmay_tetromino_t2
D:2:      layout_basic, hellmonk_ecumenical_altar_lost_god, serial_shops,
          shop_statue, minmay_small_reverse_x, uniq_crazy_yiuf_cottage
D:3:      layout_loops_corners, zin_treasury, uniq_sigmund
D:4:      layout_basic, temple_doors_ab, serial_co_window_serial,
          co_window_paths_a, co_window_of_opportunity_a, co_window_paths_a,
          co_window_of_opportunity_a, co_window_paths_a,
          co_window_of_opportunity_c, co_window_2corner, co_window_corner_cb,
          co_window_of_opportunity_b, co_window_4corner_b, glass_columns_b,
          st_stairs_11
D:5:      nicolae_cairo_tiling_large, layout_basic,
          regret_index_temple_of_mockery, kennysheep_flooded_box
D:6:      layout_loops_ring, minitemple, chequers_big_river, uniq_maggie
D:7:      layout_cave_pods, nicolae_ossuary_entry_ruins, hangedman_decor_points
D:8:      layout_basic, kennysheep_little_box, serial_curves, eino_curves_01,
          eino_curves_01
D:9:      layout_loops_ring, uniq_amaemon, uniq_pikel
D:10:     layout_basic, lair_entry_dummy, david_orc_1_choice, enter_bailey_6,
          minivault_28, uniq_lodul
Temple:   compressed_dpeg_circular_temple

Skill      XL: |  1  2  3  4  5  6  7  8  9 10 |
---------------+-------------------------------+-----
Conjurations   | 5 6 7 8 9 10 | 10.6
Spellcasting   | 3 5 6 7 9 10 | 10.5
Polearms       | 1 |  1.0
Dodging        | 2 3 5 7 8 |  8.0
Short Blades   | |  0.3
Throwing       | |  0.2
Stealth        | |  1.8
Shields        | |  0.8

Action                     |  1- 3 |  4- 6 |  7- 9 | 10-12 || total
---------------------------+-------+-------+-------+-------++-------
  Melee: Dagger            |    28 |     2 |       |       ||    30
         Tailslap          |     2 |     4 |     7 |     1 ||    14
         Halberd           |       |    31 |    17 |       ||    48
         Punch             |       |     1 |       |       ||     1
         Whip              |       |       |    24 |    17 ||    41
  Throw: Dart              |       |     3 |       |       ||     3
   Cast: Magic Dart        |    82 |    65 |    90 |    63 ||   300
         Searing Ray       |     1 |     7 |    65 |    31 ||   104
         Slow              |       |       |     1 |     4 ||     5
         Iskenderun's Myst |       |       |       |     4 ||     4
Ability: Breathe Dispellin |       |       |     1 |     1 ||     2
  Evoke: Wand              |       |       |     3 |       ||     3
    Use: Scroll            |     5 |     3 |     4 |       ||    12
         Potion            |       |       |     4 |     1 ||     5
 Armour: Skin              |    12 |    16 |    21 |    10 ||    59
  Dodge: Dodged            |    16 |    34 |   112 |    85 ||   247
  Block: Other             |     5 |    13 |    20 |       ||    38
         Reflection        |       |     1 |     3 |     5 ||     9
         Buckler           |       |       |    20 |    48 ||    68
